Map: New Repugnancy LE

Players

lllIIIIllll (Creator)

  • Race: Protoss Protoss
  • League: Master
  • Spawn Location: 1:00

LiquidSnute (Snute) - Winner!

  • Race: Zerg Zerg
  • League: Grandmaster
  • Spawn Location: 7:00

Event: HomeStory Cup XIX

VOD

Have the link to the VOD?

Description

Time

  • Played on: June 27, 2019, 12:29 p.m.
  • Length: 11:42

All games in this series

Show
View Real Time Build Order
Export as new Build Order

lllIIIIllll Protoss 

Build Orders: Oracle Opening, Phoenix Opening, Archon Immortal 

Get SALT Encoding   

  12  0:00  Probe  
  13  0:12  Probe  
  14  0:19  Pylon  
  14  0:24  Probe  
  15  0:33  Probe  
  15  0:39  Gateway  
  15  0:41  Probe  
  16  0:46  Assimilator  
  17  0:51  Probe  
  18  1:03  Probe  
  19  1:15  Probe  
  19  1:18  Zealot  
  20  1:24  Pylon  
  20  1:28  Cybernetics Core  
  20  1:29  Pylon  
  20  1:30  Probe  
  23  1:44  Zealot, Probe  
  25  1:58  Probe  
  26  2:11  Adept  
  29  2:21  Nexus  
  28  2:34  Assimilator  
  28  2:35  Stargate  
  28  2:41  Probe  
  29  2:48  Shield Battery  
  29  2:56  Stalker  
  29  2:58  Pylon  
  31  3:12  Phoenix  
  31  3:16  Probe  
  32  3:26  Probe  
  32  3:28  Warp Gate  
  32  3:29  Probe  
  34  3:34  Probe  
  34  3:37  Probe  
  36  3:42  Probe  
  36  3:47  Probe  
  37  3:54  Probe, Oracle  
  42  3:59  Probe  
  43  4:03  Pylon  
  43  4:06  Probe  
  44  4:11  Probe  
  45  4:17  Twilight Council  
  45  4:18  Probe  
  45  4:20  Probe  
  47  4:25  Gateway  
  47  4:26  Gateway  
  47  4:28  Probe  
  47  4:30  Probe  
  48  4:33  Resonating Glaives  
  48  4:37  Probe  
  49  4:41  Pylon  
  49  4:43  Probe  
  51  4:49  Probe  
  51  4:50  Pylon  
  52  4:55  Probe  
  53  5:01  Probe  
  53  5:03  Nexus  
  53  5:05  Pylon  
  55  5:07  Probe  
  55  5:08  Pylon  
  55  5:13  Probe  
  56  5:23  Adept  
  56  5:24  Adept x2  
  56  5:26  Assimilator  
  56  5:27  Probe x2, Assimilator  
  64  5:38  Robotics Facility  
  64  5:39  Robotics Facility  
  64  5:45  Adept x3  
  64  5:47  Probe  
  64  5:48  Probe  
  68  6:00  Oracle  
  68  6:06  Gateway x2  
  68  6:10  Adept x3, Gateway  
  74  6:28  Observer, Warp Prism  
  74  6:31  Nexus  
  74  6:32  Pylon  
  77  6:42  Pylon  
  75  6:54  Immortal  
  75  6:55  Probe x2  
  75  7:04  Immortal  
  75  7:07  Charge, Probe x2  
  81  7:15  Templar Archives  
  75  7:16  Sentry  
  75  7:17  Adept x2  
  81  7:27  Shield Battery  
  81  7:28  Probe x2  
  85  7:41  Adept x3  
  85  7:43  Adept  
  91  7:54  Probe  
  91  7:55  Probe x2  
  90  8:06  Immortal  
  90  8:07  Immortal  
  90  8:08  High Templar x2  
  90  8:09  Zealot x2  
  90  8:11  Probe x3  
  109  8:13  Archon, Pylon  
  109  8:25  Assimilator x2  
  109  8:31  Probe x3  
  109  8:33  Zealot  
  109  8:34  Adept  
  116  8:38  Pylon x2  
  116  8:45  Pylon  
  116  8:47  Immortal x2  
  116  8:48  Forge  
  116  8:59  Psionic Storm  
  124  9:04  High Templar x2  
  124  9:05  Zealot x3  
  134  9:16  Sentry, Archon  
  136  9:19  Pylon  
  136  9:23  Immortal  
  136  9:29  Immortal  
  136  9:40  Protoss Ground Weapons Level 1  
  136  9:43  High Templar  
  138  9:55  High Templar  
  138  9:58  Photon Cannon  
  138  9:59  Immortal  
  140  10:03  Nexus  
  140  10:04  High Templar  
  140  10:07  Pylon  
  146  10:15  Pylon  
  146  10:20  Sentry  
  148  10:25  Immortal  
  148  10:26  High Templar  
  154  10:29  Pylon x2  
  154  10:30  Pylon  
  154  10:43  Zealot  
  154  10:45  High Templar x2  
  154  10:46  Zealot x2  
  154  10:49  Archon, Gateway  
  108  11:11  Zealot x2  
  108  11:12  Zealot x2  
  97  11:19  Zealot x2  
  97  11:25  High Templar x2  
  93  11:26  Gateway  
  93  11:27  Gateway  
  93  11:29  Gateway  
  93  11:32  Zealot x3, High Templar  
Show
View Real Time Build Order
Export as new Build Order

LiquidSnute Zerg - Winner!

Build Orders: Pool First 

Get SALT Encoding   

  12  0:17  Spawning Pool  
  11  0:22  Drone  
  11  0:27  Drone  
  13  0:31  Drone  
  14  0:40  Overlord  
  14  1:04  Zergling x4, Queen  
  14  1:05  Zergling x2  
  19  1:15  Zergling x2  
  20  1:28  Zergling x2  
  21  1:37  Drone  
  22  1:45  Queen, Extractor x2  
  22  1:47  Overlord  
  24  2:07  Hatchery  
  23  2:12  Drone  
  23  2:13  Drone x3  
  27  2:15  Extractor  
  27  2:19  Drone  
  27  2:26  Overlord  
  27  2:34  Drone  
  28  2:46  Drone  
  29  2:55  Drone x3  
  32  2:59  Drone, Queen  
  35  3:14  Drone  
  35  3:24  Drone  
  34  3:31  Drone x3  
  34  3:33  Metabolic Boost  
  37  3:40  Overlord  
  37  3:42  Drone  
  37  3:44  Queen  
  37  3:48  Overlord  
  40  4:01  Drone x3  
  43  4:04  Hatchery  
  43  4:07  Drone x2  
  44  4:13  Drone x2  
  44  4:14  Drone  
  47  4:17  Spore Crawler  
  47  4:20  Spore Crawler  
  47  4:23  Drone x2  
  47  4:25  Drone  
  47  4:28  Drone  
  47  4:31  Drone x2  
  51  4:38  Overlord  
  51  4:41  Baneling Nest  
  51  4:42  Extractor  
  49  4:46  Zergling x4  
  49  4:48  Overlord  
  51  4:53  Overlord  
  51  4:59  Zergling x10  
  56  5:05  Zergling x2  
  57  5:17  Zergling x14  
  63  5:27  Drone x2  
  65  5:28  Drone  
  65  5:32  Spore Crawler  
  65  5:34  Baneling x10  
  65  5:41  Drone x6  
  71  5:46  Lair  
  71  5:49  Zergling x8, Evolution Chamber  
  74  5:50  Zergling x2  
  72  5:57  Zergling x2  
  72  5:59  Drone x2  
  72  6:02  Extractor  
  74  6:04  Roach Warren  
  74  6:06  Drone x3  
  74  6:11  Drone x3  
  78  6:12  Drone  
  78  6:17  Drone x2  
  79  6:23  Overlord  
  79  6:27  Extractor, Zerg Melee Weapons Level 1  
  79  6:30  Overlord  
  78  6:32  Overlord  
  78  6:41  Zergling x8  
  78  6:51  Roach x7  
  84  6:55  Zergling x2  
  77  7:02  Zergling x4  
  77  7:06  Zergling x2  
  75  7:14  Drone x7  
  80  7:18  Glial Reconstitution  
  80  7:20  Centrifical Hooks  
  80  7:21  Drone x2  
  82  7:33  Drone x3  
  82  7:36  Drone  
  85  7:42  Drone x7  
  91  7:48  Drone x2  
  90  7:56  Roach x4  
  98  8:02  Hatchery, Roach  
  97  8:13  Roach x4  
  97  8:14  Extractor, Overlord x5  
  97  8:19  Overlord  
  104  8:23  Zerg Melee Weapons Level 2  
  104  8:26  Overlord  
  104  8:27  Queen  
  104  8:28  Hydralisk Den  
  104  8:31  Overlord  
  104  8:34  Zergling x14  
  104  8:35  Zergling x2  
  104  8:37  Ravager x4  
  104  8:39  Ravager  
  118  8:41  Zergling x2  
  118  8:44  Baneling x2  
  118  8:46  Zergling x4  
  120  8:49  Ravager  
  120  8:51  Queen x2  
  124  8:59  Grooved Spines  
  124  9:03  Baneling  
  124  9:04  Baneling  
  124  9:10  Zergling x20  
  134  9:29  Hydralisk x6  
  146  9:32  Overseer  
  146  9:35  Hydralisk  
  143  9:45  Hydralisk x3  
  149  9:53  Hydralisk x2  
  149  9:56  Drone x4  
  149  9:57  Extractor  
  156  10:03  Baneling x6  
  156  10:10  Zergling x20  
  156  10:11  Zergling x10  
  171  10:16  Spore Crawler  
  171  10:19  Muscular Augments  
  170  10:23  Overlord x2  
  170  10:25  Baneling x8  
  170  10:35  Spore Crawler  
  169  10:44  Baneling x7  
  169  10:45  Baneling x4  
  169  10:46  Zergling x26  
  160  11:05  Zergling x2  
  160  11:06  Zergling x24  
  160  11:10  Zergling x4  
  158  11:15  Hydralisk x4  
  158  11:20  Zergling x6  
Tags
 
Add a new tag
Caveats
  • Supply blocks, unpowered buildings, or Contaminate may cause inaccurate times.
  • Supply counts are checked every 10 seconds.